 Dungeon Crawl Stone Soup version 0.28.0-53-g5a82cb258f (webtiles) character file.

Game seed: 10965545780883265468

2657 Plasmagod the Grappler (level 9, -4/70 HPs)
             Began as a Pale Draconian Transmuter on July 10, 2022.
             Was an Initiate of Qazlal.
             Slain by Maggie
             ... wielding a +0 long sword
              (11 damage)
             ... on level 7 of the Dungeon.
             The game lasted 00:36:23 (8638 turns).

Plasmagod the Grappler (Pale Draconian Transmuter)  Turns: 8638, Time: 00:36:24

Health: -4/70      AC:  7    Str: 16    XL:     9   Next: 36%
Magic:  24/24      EV: 13    Int: 14    God:    Qazlal [......]
Gold:   278        SH:  0    Dex: 12    Spells: 13/17 levels left

rFire   . . .      SeeInvis .     - Unarmed
rCold   . . .      Faith    .   (no shield)
rNeg    + . .      Spirit   .   (armour unavailable)
rPois   .          Reflect  .   (helmet restricted)
rElec   .          Harm     .   (no cloak)
rCorr   .          Rampage  .   (no gloves)
Will    .....                   (no boots)
Stlth   ++........              (no amulet)
HPRegen 0.21/turn               c - ring of magical power
MPRegen 0.19/turn               g - ring of positive energy

@: brilliant, mesmerised
A: breathe steam, AC +7, unfitting armour, cold-blooded, steam resistance
a: Breathe Steam, Renounce Religion


You were on level 7 of the Dungeon.
You worshipped Qazlal.
Qazlal was noncommittal.
You visited 1 branch of the dungeon, and saw 7 of its levels.

You collected 278 gold pieces.

Inventory:

Hand Weapons
 b - a +1 spear of pain
Jewellery
 c - a ring of magical power (left hand)
 g - a ring of positive energy (right hand)
 j - a ring of resist corrosion
 p - a ring of fire
Wands
 k - a wand of charming (7)
 m - a wand of mindburst (9)
Scrolls
 a - 4 scrolls of identify
 o - 7 scrolls of teleportation
 q - a scroll of fear {unknown}
Potions
 d - a potion of invisibility
 e - 2 potions of lignification
 f - 4 potions of degeneration
 h - a potion of magic
 i - 2 potions of curing
 n - 2 potions of cancellation
 r - a potion of berserk rage {unknown}


   Skills:
 + Level 3.4 Fighting
 + Level 1.9 Polearms
 + Level 5.4 Dodging
 + Level 3.0 Stealth
 + Level 8.4 Unarmed Combat
 + Level 4.6 Spellcasting
 + Level 5.0 Transmutations
 + Level 0.4 Poison Magic


You had 13 spell levels left.
You knew the following spells:

 Your Spells              Type           Power      Damage    Failure   Level
a - Beastly Appendage     Tmut           50%        N/A       2%          1
b - Spider Form           Tmut/Pois      16%        N/A       19%         3

Your spell library contained the following spells:

 Spells                   Type           Power      Damage    Failure   Level
 Wereblood                Tmut           25%        N/A       3%          2
 Sublimation of Blood     Necr           4%         N/A       28%         2
 Gell's Gravitas          Tloc           4%         N/A       50%         3
 Lesser Beckoning         Tloc           4%         N/A       50%         3
 Teleport Other           Tloc           4%         N/A       50%         3
 Ice Form                 Ice/Tmut       15%        N/A       54%         4
 Fulminant Prism          Conj/Hex       2%         3d6       88%         4
 Iskenderun's Mystic Bla  Conj/Tloc      4%         2d3       88%         4
 Lee's Rapid Deconstruct  Erth           2%         3d5*      99%         5
 Dispersal                Tloc           2%         N/A       100%        6
 Summon Hydra             Summ           2%         N/A       100%        7


Dungeon Overview and Level Annotations

Branches:
Dungeon (7/15)
 Temple: D:4-7

Altars:
Ashenzari
Dithmenos
Qazlal

Shops:
D:2 ?

Annotations:
D:7 Maggie


Innate Abilities, Weirdness & Mutations

You can breathe blasts of scalding, opaque steam.
Your pale cyan-grey scales are hard. (AC +7)
You cannot fit into any form of body armour.
You are cold-blooded and may be slowed by cold attacks.
You are immune to the effects of steam.


Message History

Your transformation is almost over.
Maggie closely misses you.
You closely miss Maggie. You claw Maggie, but do no damage.
Maggie is moderately wounded.
Maggie casts a spell at you. The bolt of fire misses you.
You feel better. Maggie hits you with a +0 long sword.
You punch Maggie! Your kick misses Maggie. You headbutt Maggie.
Maggie is heavily wounded.
Maggie barely misses you.
You barely miss Maggie.
Maggie is heavily wounded.
Maggie says, "Leave now, and tell all of Margery's mercy!"
Maggie hits you with a +0 long sword.
You punch Maggie! You tail-slap Maggie, but do no damage.
Maggie is severely wounded.
Maggie hits you with a +0 long sword!
* * * LOW HITPOINT WARNING * * *
You hit Maggie but do no damage. You headbutt Maggie.
Maggie is severely wounded.
You hit Maggie. Your headbutt misses Maggie.
Maggie is severely wounded.
Maggie points at you and mumbles some strange words.
The bolt of fire misses you.
Okay, then.
You hit Maggie. You claw Maggie, but do no damage.
Maggie is severely wounded.
You have got your breath back.
Maggie hits you with a +0 long sword.
* * * LOW HITPOINT WARNING * * *
Okay, then.
You closely miss Maggie. Your kick misses Maggie. Your headbutt misses Maggie.
You tail-slap Maggie. Your punch misses Maggie.
Maggie is severely wounded.
Your horns disappear.
Your talons disappear.
Maggie hits you but does no damage.
You punch Maggie!
Your tail-slap misses Maggie.
Maggie is almost dead.
Maggie hits you with a +0 long sword!
You die...

######### ........#
#######.###
..?.......###.#
.###..........#
#......≈.≈...#
.###.#.#...§§⌠§.#.#
......@@..§§≈§≈.# #
.......##.#..§..#
.####.. .#####....
#..## ##### #.. #(.
... #..


You could see Maggie (mesmerising).

Vanquished Creatures
  3 kobold demonologists (D:5)
  Sigmund (D:3)
  A steam dragon (D:5)
  Menkaure (D:5)
  A water moccasin (D:7)
  2 black bears
  An ogre (D:5)
  A phantom (D:6)
  A necrophage (D:4)
  A kobold brigand (D:5)
  2 scorpions (D:4)
  2 hounds (D:4)
  3 jellies
  3 orc priests
  Jessica (D:2)
  An orc wizard (D:6)
  Terence (D:3)
  Natasha (thrice) (D:2)
  A hound skeleton (D:5)
  13 gnolls
  12 adders
  A shadow imp (D:4)
  An ufetubus (D:5)
  An adder skeleton (D:4)
  An adder zombie (D:4)
  A worm (D:2)
  A dart slug (D:2)
  9 orcs
  5 bats
  6 endoplasms
  13 giant cockroaches
  10 goblins
  10 hobgoblins
  4 quokkas
  13 ball pythons
  4 frilled lizards
  14 kobolds
  8 rats
157 creatures vanquished.

Notes
Turn   | Place    | Note
-------+----------+-------------------------------------------
     0 | D:1      | Plasmagod the Draconian Transmuter began the quest for the
                  | Orb.
     0 | D:1      | Reached XP level 1. HP: 16/16 MP: 3/3
   277 | D:1      | Reached XP level 2. HP: 21/23 MP: 3/5
   436 | D:1      | Found a faded altar of an unknown god.
   937 | D:1      | Reached XP level 3. HP: 27/28 MP: 6/6
  1107 | D:1      | Learned a level 3 spell: Spider Form
  1132 | D:2      | Noticed Jessica
  1139 | D:2      | Killed Jessica
  1140 | D:2      | Reached skill level 4 in Unarmed Combat
  1140 | D:2      | Reached XP level 4. HP: 30/35 MP: 7/7
  1276 | D:2      | Noticed Natasha
  1405 | D:2      | Killed Natasha
  1491 | D:2      | Noticed Natasha
  1777 | D:2      | Killed Natasha
  1778 | D:2      | Reached XP level 5. HP: 23/40 MP: 9/9
  1906 | D:2      | Found Putri's Magic Scroll Shoppe.
  2024 | D:2      | Noticed Natasha
  2036 | D:2      | Killed Natasha
  2466 | D:3      | Reached skill level 5 in Unarmed Combat
  2573 | D:3      | Noticed Sigmund
  2754 | D:3      | Noticed Terence
  2766 | D:3      | Killed Terence
  2767 | D:3      | Reached XP level 6. HP: 30/47 MP: 10/10
  3050 | D:3      | Killed Sigmund
  3878 | D:4      | Reached skill level 1 in Stealth
  3878 | D:4      | Your scales start taking on a pale cyan-grey colour.
  3878 | D:4      | Reached XP level 7. HP: 37/53 MP: 11/11
  3878 | D:4      | Gained mutation: You are immune to the effects of steam.
                  | [Pale Draconian growth]
  4245 | D:4      | Reached skill level 6 in Unarmed Combat
  4698 | D:4      | Found a shadowy altar of Dithmenos.
  4737 | D:4      | Found a stormy altar of Qazlal.
  4830 | D:4      | Reached skill level 1 in Polearms
  5515 | D:5      | Entered Level 5 of the Dungeon
  5580 | D:5      | Noticed Menkaure
  5731 | D:5      | Noticed a steam dragon
  5770 | D:5      | Reached XP level 8. HP: 36/62 MP: 13/13
  5900 | D:5      | Noticed a kobold demonologist
  5900 | D:5      | Noticed a kobold demonologist
  5901 | D:5      | Noticed a kobold demonologist
  5907 | D:5      | Noticed a sixfirhy
  5910 | D:5      | Noticed an orange demon
  5911 | D:5      | Noticed a red devil
  5911 | D:5      | Killed a kobold demonologist
  5923 | D:5      | Killed a kobold demonologist
  5924 | D:5      | Reached skill level 7 in Unarmed Combat
  5931 | D:5      | Noticed an ice devil
  5936 | D:5      | Noticed a rust devil
  5937 | D:5      | Noticed an orange demon
  5939 | D:5      | Killed a kobold demonologist
  6145 | D:5      | HP: 1/62 [Menkaure (21)]
  6160 | D:5      | HP: 3/62 [gnoll/+0 whip (7)]
  6535 | D:5      | Killed Menkaure
  6536 | D:5      | Reached skill level 5 in Dodging
  6536 | D:5      | Reached XP level 9. HP: 40/69 MP: 15/15
  6685 | D:5      | Reached skill level 8 in Unarmed Combat
  6907 | D:4      | Became a worshipper of Qazlal Stormbringer
  7900 | D:6      | Found a broken altar of Ashenzari.
  8581 | D:7      | Reached skill level 5 in Transmutations
  8612 | D:7      | Noticed Maggie
  8638 | D:7      | Slain by Maggie

Illustrated notes

Levels and vault maps discovered:
D:1:      minmay_arrival_widening_spiral_wide, layout_loops_ring,
          nicolae_ecumenical_snake_handling, kennysheep_decorative_pillar
D:2:      minmay_roachtagon, layout_rooms, serial_shops,
          nicolae_shop_statue_plus, uniq_jessica, uniq_natasha
D:3:      layout_rooms, st_stairs_12, uniq_terence, uniq_sigmund
D:4:      cheibrodos_barr_body, layout_basic, mainiacjoe_overflow_two_lobes
D:5:      layout_basic, uniq_menkaure
D:6:      layout_basic, cheibrodos_ashenzari_chains, st_stairs_7
D:7:      layout_loops_ring, minmay_temple_entry_wispy, enter_ossuary_5,
          st_stairs_14, corexii_leaking_fountain, grunt_ministairs_15,
          uniq_maggie, uniq_harold

Skill      XL: |  1  2  3  4  5  6  7  8  9 |
---------------+----------------------------+-----
Dodging        | 2 3 5 |  5.4
Unarmed Combat | 4 5 6 7 8 |  8.4
Transmutations | 3 4 5 |  5.0
Spellcasting   | 3 4 |  4.6
Stealth        | 1 2 3 |  3.0
Fighting       | 2 3 |  3.4
Polearms       | 1 |  1.9
Poison Magic   | |  0.4

Action                   |  1- 3 |  4- 6 |  7- 9 || total
-------------------------+-------+-------+-------++-------
Melee: Unarmed           |    80 |   184 |   193 ||   457
       Tailslap          |    11 |    23 |    23 ||    57
       Kick              |     7 |    24 |    33 ||    64
       Punch             |     2 |     7 |    10 ||    19
       Headbutt          |     1 |    15 |    23 ||    39
       Spear             |       |       |    23 ||    23
 Cast: Beastly Appendage |     5 |    18 |    21 ||    44
       Spider Form       |       |     2 |     1 ||     3
 Abil: Breathe Steam     |       |       |    12 ||    12
  Use: Scroll            |     2 |     5 |     5 ||    12
       Potion            |       |     1 |     5 ||     6
 Stab: Sleeping          |       |     3 |     2 ||     5
Armor: Skin              |    12 |    59 |    69 ||   140
Dodge: Dodged            |    44 |   116 |   118 ||   278
